 Dungeon Crawl Stone Soup version 0.20.1-1-g8b1a95d (webtiles) character file.

497 McKennaii the Zephyrmancer (level 7, -4/37 HPs)
             Began as a Tengu Air Elementalist on Aug 3, 2017.
             Slain by Duvessa
             ... wielding a +0 rapier
              (17 damage)
             ... on level 4 of the Dungeon.
             The game lasted 00:08:29 (4319 turns).

McKennaii the Zephyrmancer (Tengu Air Elementalist) Turns: 4319, Time: 00:08:29

Health: -4/37      AC:  3    Str:  8    XL:     7   Next: 16%
Magic:  7/13       EV: 13    Int: 18    God:
Gold:   186        SH:  0    Dex: 14    Spells: 5/13 levels left

rFire    . . .     SeeInvis .   (no weapon)
rCold    . . .     Gourm    .   (no shield)
rNeg     . . .     Faith    .   a - +0 robe
rPois    .         Spirit   .   (helmet restricted)
rElec    .         Reflect  .   (no cloak)
rCorr    .         Harm     .   d - +0 pair of gloves
MR       .....                  (boots unavailable)
Stlth    ++........             (no amulet)
Regen    0.2/turn               (no ring)
MPRegen  0.2/turn               (no ring)

@: no status effects
A: beak, talons 3, able to fly 1
a: Fly


You were on level 4 of the Dungeon.
You were not hungry.

You visited 1 branch of the dungeon, and saw 4 of its levels.

You collected 186 gold pieces.

Inventory:

Armour
 a - a +0 robe (worn)
 d - a +0 pair of gloves (worn)
Scrolls
 e - 2 scrolls of amnesia {unknown}
 f - 2 scrolls of fog
 i - a scroll of random uselessness {unknown}
 l - a scroll of remove curse
 m - 2 scrolls of magic mapping {unknown}
 n - 4 scrolls of identify
 p - 2 scrolls of teleportation {unknown}
 q - a scroll of fear {unknown}
 s - a scroll of noise {unknown}
Potions
 g - 2 potions of curing
 j - a potion of cancellation {unknown}
 k - a potion of berserk rage {unknown}
 o - a potion of degeneration {unknown}
 r - a potion of might {unknown}
 t - a potion of lignification {unknown}
 u - a potion of ambrosia {unknown}
Books
 b - a book of Air

   Spells                             Type                      Level
   a - Shock                          Conjuration/Air              1
   b - Swiftness                      Charms/Air                   2
   c - Static Discharge               Conjuration/Air              3
   d - Airstrike                      Air                          4
   e - Lightning Bolt                 Conjuration/Air              5
Comestibles
 c - 5 bread rations
 h - 3 royal jellies


   Skills:
 + Level 0.4 Fighting
 + Level 2.3 Dodging
 + Level 2.2 Stealth
 + Level 3.9 Spellcasting
 + Level 3.7 Conjurations
 * Level 8.0 Air Magic


You had 5 spell levels left.
You knew the following spells:

 Your Spells              Type           Power        Failure   Level  Hunger
a - Shock                 Conj/Air       ###.         1%          1    None
b - Swiftness             Chrm/Air       ###.....     4%          2    ##.....
c - Lightning Bolt        Conj/Air       ###.......   34%         5    ######.


Dungeon Overview and Level Annotations

Branches:
Dungeon (4/15)
 Temple: D:4-7

Altars:
Dithmenos
Fedhas
Nemelex Xobeh
Okawaru
Trog
Uskayaw
Vehumet

Annotations:
D:4 Duvessa


Innate Abilities, Weirdness & Mutations

You have a beak for a mouth.
You have claws for feet.
You can fly.


Message History

Aiming: Shock
Press: ? - help, Shift-Dir - straight line, p - Duvessa You can't see that place. [a rock wall.]
Okay, then.
Casting: Shock
Confirm with . or Enter, or press ? or * to list all spells.
Aiming: Shock
Press: ? - help, Shift-Dir - straight line, p - Duvessa The zap hits Duvessa.
Duvessa is heavily wounded.
The zap misses Duvessa.
Duvessa hits you with a rapier! x2
Casting: Shock
Confirm with . or Enter, or press ? or * to list all spells.
Aiming: Shock
Press: ? - help, Shift-Dir - straight line The zap misses Duvessa.
The zap hits Duvessa.
Duvessa is severely wounded.
Duvessa hits you with a rapier!
You die...

####.......# ##).....#
##.....# ##....##
#.....# ### ####.....##
..####.........#######
...............e.#...##
..........####..@....<#
............####......#
..............#####...#
.................##...#
......................#
......................#
......................#
.....................##
[.....(......<.....###


You could see Duvessa (berserk).

Vanquished Creatures
  An ogre (D:4)
  Dowan (D:4)
  A howler monkey (D:4)
  A hound (D:4)
  Natasha (thrice) (D:2)
  An iguana (D:4)
  3 worker ants (D:4)
  3 adders
  An ooze (D:1)
  An adder skeleton (D:4)
  2 worms
  2 leopard geckos
  7 orcs
  3 giant cockroaches
  11 goblins
  2 hobgoblins
  4 jackals
  8 kobolds
  4 quokkas
  5 ball pythons
  3 bats
  8 frilled lizards
  A jackal skeleton (D:4)
  11 rats
87 creatures vanquished.

Notes
Turn   | Place    | Note
-------+----------+-------------------------------------------
     0 | D:1      | McKennaii the Tengu Air Elementalist began the quest for the Orb.
     0 | D:1      | Reached XP level 1. HP: 10/10 MP: 4/4
   309 | D:1      | Reached XP level 2. HP: 15/15 MP: 4/6
   715 | D:1      | Reached skill level 5 in Air Magic
  1013 | D:2      | Reached XP level 3. HP: 12/19 MP: 0/7
  1189 | D:2      | Learned a level 2 spell: Swiftness
  1390 | D:2      | Found a bloodstained altar of Trog.
  1576 | D:2      | Noticed Natasha
  1581 | D:2      | Killed Natasha
  1581 | D:2      | Reached XP level 4. HP: 20/24 MP: 2/8
  1724 | D:2      | Found a radiant altar of Vehumet.
  1764 | D:2      | Noticed Natasha
  1767 | D:2      | Killed Natasha
  1767 | D:2      | Reached skill level 6 in Air Magic
  1802 | D:2      | Found a sparkling altar of Nemelex Xobeh.
  2075 | D:2      | Noticed Natasha
  2078 | D:2      | Killed Natasha
  2078 | D:2      | Gained mutation: You can fly. [Tengu growth]
  2078 | D:2      | Reached XP level 5. HP: 28/28 MP: 6/10
  2090 | D:2      | Learned a level 5 spell: Lightning Bolt
  2880 | D:3      | Found an iron altar of Okawaru.
  3313 | D:4      | Noticed Dowan
  3354 | D:4      | Noticed an ogre
  3363 | D:4      | Killed an ogre
  3363 | D:4      | Reached skill level 7 in Air Magic
  3363 | D:4      | Reached XP level 6. HP: 22/32 MP: 1/12
  3609 | D:4      | Found a blossoming altar of Fedhas.
  3985 | D:4      | Found a hide-covered altar of Uskayaw.
  4196 | D:4      | Found a shadowy altar of Dithmenos.
  4199 | D:4      | Reached XP level 7. HP: 37/37 MP: 9/13
  4260 | D:4      | Noticed Duvessa
  4315 | D:4      | Killed Dowan
  4315 | D:4      | Reached skill level 8 in Air Magic
  4319 | D:4      | Slain by Duvessa

Skill      XL: |  1  2  3  4  5  6  7 |
---------------+----------------------+-----
Air Magic      | 5 6 7 8 |  8.0
Conjurations   | 2 3 |  3.7
Spellcasting   | 3 |  3.9
Fighting       | |  0.4
Dodging        | |  2.3
Stealth        | |  2.2

Action                   |  1- 3 |  4- 6 |  7- 9 || total
-------------------------+-------+-------+-------++-------
Melee: Unarmed           |     8 |     4 |       ||    12
       Kick              |     1 |       |       ||     1
       Peck              |     1 |       |       ||     1
 Cast: Shock             |    64 |   129 |     8 ||   201
  Use: Scroll            |       |     3 |       ||     3
  Eat: Chunk             |     2 |     7 |       ||     9
       Meat ration       |       |     1 |       ||     1
Armor: Robe              |     3 |     5 |       ||     8
Dodge: Dodged            |     8 |    28 |     1 ||    37
